Map: Catalyst LE

Players

axu

  • Race: Protoss Protoss
  • League: Platinum
  • Spawn Location: 5:00

Skolem - Winner!

  • Race: Protoss Protoss
  • League: Platinum
  • Spawn Location: 11:00

VOD

Have the link to the VOD?

Description

Time

  • Played on: April 4, 2018, 10:41 a.m.
  • Length: 20:08
Show
View Real Time Build Order
Export as new Build Order

axu Protoss 

Build Orders:  

Get SALT Encoding   

  12  0:00  Probe  
  13  0:13  Probe  
  14  0:22  Pylon  
  14  0:25  Probe  
  15  0:40  Probe  
  15  0:42  Gateway  
  16  0:52  Probe (Chrono Boost)  
  17  0:57  Assimilator  
  18  1:04  Probe (Chrono Boost)  
  18  1:12  Probe (Chrono Boost)  
  19  1:18  Probe  
  20  1:36  Gateway, Probe  
  20  1:39  Cybernetics Core  
  21  1:48  Assimilator  
  21  1:49  Probe  
  23  2:01  Probe  
  23  2:15  Warp Gate  
  23  2:22  Pylon  
  23  2:40  Adept x2  
  23  2:42  Pylon  
  27  2:45  Nexus  
  27  2:52  Probe  
  27  2:56  Robotics Facility  
  28  3:04  Probe  
  29  3:07  Stalker  
  29  3:10  Stalker  
  33  3:24  Shield Battery  
  33  3:27  Pylon  
  33  3:32  Shield Battery  
  33  3:33  Probe  
  34  3:44  Stalker  
  34  3:48  Stalker  
  38  3:52  Probe  
  39  4:02  Probe  
  40  4:04  Probe  
  42  4:10  Observer (Chrono Boost)  
  42  4:14  Probe  
  43  4:23  Immortal (Chrono Boost)  
  47  4:33  Probe (Chrono Boost)  
  47  4:35  Pylon  
  48  4:38  Gateway  
  48  4:40  Probe (Chrono Boost)  
  48  4:42  Gateway  
  50  4:45  Probe (Chrono Boost)  
  50  4:51  Probe (Chrono Boost)  
  51  4:53  Probe (Chrono Boost)  
  51  4:59  Stalker  
  54  5:00  Stalker  
  55  5:27  Observer  
  55  5:30  Probe x2  
  57  5:37  Pylon  
  57  5:42  Probe  
  57  5:43  Probe  
  57  5:46  Forge  
  57  5:48  Observer  
  57  5:49  Forge  
  60  5:52  Gateway  
  60  5:54  Gateway  
  60  5:55  Stalker x2  
  60  5:56  Stalker, Gateway  
  66  6:01  Twilight Council  
  66  6:10  Immortal  
  70  6:17  Probe x2  
  72  6:21  Assimilator  
  72  6:23  Assimilator, Sentry  
  74  6:26  Sentry  
  74  6:29  Probe  
  74  6:30  Pylon  
  77  6:33  Probe  
  77  6:34  Pylon  
  78  6:48  Probe x2  
  80  7:03  Protoss Ground Weapons Level 1 (Chrono Boost)  
  80  7:04  Protoss Ground Armor Level 1 (Chrono Boost), Photon Cannon  
  80  7:05  Photon Cannon  
  80  7:13  Nexus  
  80  7:16  Pylon  
  80  7:19  Pylon, Probe x2  
  82  7:31  Probe x2  
  84  7:47  Stalker x3  
  84  7:48  Zealot  
  84  7:49  Zealot x3  
  98  7:56  Templar Archives  
  98  7:59  Pylon  
  98  8:05  Pylon  
  98  8:08  Immortal  
  98  8:11  Charge  
  102  8:20  Shield Battery  
  102  8:24  Shield Battery  
  102  8:33  Probe x2  
  104  8:42  Assimilator  
  104  8:46  Zealot x2, Assimilator  
  104  8:47  Zealot x2  
  112  8:51  Immortal  
  116  9:00  Pylon  
  116  9:03  Pylon  
  116  9:15  Probe x3  
  119  9:18  High Templar  
  119  9:19  High Templar x3  
  119  9:21  Zealot  
  119  9:22  Zealot x2  
  119  9:23  Archon x2  
  133  9:27  Probe x3  
  133  9:30  Observer  
  133  9:31  Protoss Ground Weapons Level 2 (Chrono Boost)  
  137  9:34  Protoss Ground Armor Level 2 (Chrono Boost)  
  137  9:47  Probe x2  
  137  9:48  Probe  
  137  9:52  Immortal  
  144  9:59  High Templar x2  
  148  10:05  Pylon  
  148  10:06  Archon  
  148  10:07  Pylon  
  148  10:09  Pylon  
  148  10:27  Zealot x4  
  148  10:28  High Templar  
  158  10:38  Pylon  
  158  10:39  Pylon  
  158  10:44  Gateway x2  
  158  10:46  Immortal  
  158  10:47  Gateway  
  161  10:51  High Templar x3  
  161  10:52  High Templar  
  161  10:53  Zealot x2  
  161  10:55  Archon  
  161  10:57  Archon  
  173  11:02  Probe x3  
  176  11:19  Shield Battery  
  176  11:21  Shield Battery  
  176  11:22  Gateway, Shield Battery  
  176  11:24  High Templar  
  176  11:25  Gateway, High Templar x2  
  182  11:26  Zealot x2  
  182  11:28  Gateway  
  182  11:29  Archon  
  182  11:31  Archon  
  186  11:39  Protoss Ground Weapons Level 3 (Chrono Boost)  
  186  11:42  Protoss Shields Level 1 (Chrono Boost)  
  186  11:59  Dark Shrine  
  186  12:15  Nexus  
  186  12:18  Pylon  
  186  12:21  Pylon  
  186  12:28  Robotics Facility  
  186  12:31  Pylon  
  186  12:35  Gateway  
  186  12:36  Immortal  
  190  12:38  Gateway  
  190  12:40  Gateway  
  190  12:52  Shield Battery  
  190  12:55  Shield Battery  
  190  12:56  Photon Cannon  
  190  12:59  Photon Cannon  
  190  13:15  Warp Prism  
  192  13:21  Warp Prism  
  194  13:32  Protoss Shields Level 2 (Chrono Boost)  
  194  13:45  Assimilator  
  194  13:48  Protoss Ground Armor Level 3 (Chrono Boost)  
  194  13:49  Assimilator  
  194  14:11  Probe  
  194  14:12  Probe x3  
  194  14:14  Pylon  
  194  14:17  Pylon  
  198  14:19  Assimilator  
  198  14:23  Assimilator  
  198  14:24  Probe x2  
  168  15:19  High Templar x5  
  168  15:20  High Templar x6  
  168  15:21  High Templar x2  
  179  15:24  Observer x2  
  179  15:25  Archon  
  179  15:26  Archon  
  177  15:29  Archon x4  
  147  16:00  Zealot  
  147  16:01  Zealot x6  
  147  16:02  Zealot x4  
  137  16:22  Stalker x6  
  137  16:23  Stalker x5  
  141  16:44  Immortal x2  
  143  16:57  High Templar x4  
  143  16:58  High Templar x5  
  143  16:59  High Templar x2  
  165  17:01  Archon  
  165  17:02  Archon x4  
  165  17:13  Protoss Shields Level 3  
  165  17:24  Immortal x2  
  173  17:31  Stalker x6  
  173  17:32  Stalker x4  
  173  17:33  Stalker  
  195  17:38  Nexus  
  195  18:03  Immortal  
  130  19:32  High Templar x4  
  130  19:33  High Templar x5  
  130  19:34  High Templar x2  
  144  19:41  Archon  
  144  19:42  Archon x4  
Show
View Real Time Build Order
Export as new Build Order

Skolem Protoss - Winner!

Build Orders:  

Get SALT Encoding   

  12  0:01  Probe  
  13  0:17  Pylon  
  13  0:19  Probe  
  14  0:31  Probe  
  15  0:36  Gateway  
  15  0:43  Probe  
  16  0:53  Assimilator  
  16  0:55  Probe  
  17  0:58  Assimilator  
  17  1:07  Probe  
  18  1:13  Gateway  
  19  1:32  Probe  
  19  1:35  Cybernetics Core  
  19  1:45  Probe  
  20  2:07  Warp Gate (Chrono Boost)  
  20  2:12  Stalker  
  22  2:17  Pylon  
  22  2:35  Nexus  
  22  2:53  Robotics Facility  
  22  2:56  Probe  
  23  3:08  Probe  
  24  3:20  Probe  
  25  3:29  Shield Battery  
  25  3:41  Immortal (Chrono Boost)  
  25  3:43  Pylon  
  29  3:48  Probe x2  
  31  4:00  Probe  
  31  4:01  Gateway  
  32  4:05  Probe  
  33  4:14  Observer  
  33  4:15  Probe  
  35  4:17  Probe  
  36  4:25  Stalker  
  36  4:27  Probe  
  36  4:29  Probe  
  40  4:31  Stalker  
  42  4:39  Probe  
  42  4:40  Observer  
  42  4:41  Probe  
  45  4:46  Pylon  
  45  4:49  Stalker  
  45  4:52  Probe  
  48  4:53  Probe  
  49  5:15  Probe x2  
  49  5:18  Observer  
  52  5:22  Stalker  
  52  5:23  Stalker x2  
  52  5:27  Shield Battery  
  58  5:33  Pylon  
  58  5:37  Probe x2  
  58  5:40  Assimilator  
  58  5:42  Assimilator  
  60  5:49  Probe x2  
  62  5:51  Immortal  
  62  5:55  Pylon  
  62  5:56  Pylon  
  66  5:58  Stalker  
  68  6:09  Robotics Facility  
  68  6:27  Probe x2  
  70  6:37  Nexus  
  70  6:38  Pylon  
  70  6:42  Immortal  
  74  6:49  Probe x2  
  76  7:06  Probe x2  
  78  7:10  Immortal  
  82  7:15  Stargate  
  82  7:17  Gateway  
  82  7:18  Gateway  
  82  7:25  Twilight Council  
  82  7:32  Gateway  
  82  7:35  Probe x2  
  84  7:43  Shield Battery  
  84  7:44  Pylon  
  84  7:47  Probe  
  85  7:57  Gateway  
  85  8:00  Warp Prism  
  85  8:02  Immortal  
  85  8:03  Charge (Chrono Boost)  
  91  8:12  Fleet Beacon, Probe x2  
  93  8:19  Probe  
  94  8:23  Assimilator  
  94  8:24  Probe  
  94  8:26  Observer  
  95  8:28  Assimilator, Forge  
  95  8:29  Forge  
  95  8:33  Pylon  
  95  8:37  Void Ray  
  99  8:44  Observer  
  99  9:00  Probe  
  99  9:01  Probe x2  
  102  9:15  Protoss Shields Level 1 (Chrono Boost), Protoss Ground Weapons Level 1 (Chrono Boost)  
  102  9:23  Carrier (Chrono Boost)  
  102  9:28  Graviton Catapult  
  102  9:30  Immortal x2  
  116  9:33  Observer  
  116  9:34  Zealot x4  
  124  9:40  Pylon  
  124  9:42  Pylon  
  124  9:43  Photon Cannon  
  124  9:45  Photon Cannon  
  124  9:46  Shield Battery  
  124  9:50  Photon Cannon  
  124  9:54  Protoss Air Weapons Level 1  
  124  10:06  Zealot x3  
  124  10:07  Zealot  
  132  10:21  Pylon  
  132  10:30  Nexus  
  132  10:33  Assimilator  
  132  10:37  Assimilator  
  132  10:43  Carrier  
  138  10:54  Pylon  
  138  11:00  Mothership (Chrono Boost)  
  146  11:05  Probe x2  
  146  11:09  Pylon  
  148  11:12  Photon Cannon  
  148  11:13  Protoss Shields Level 2 (Chrono Boost)  
  148  11:14  Photon Cannon  
  148  11:16  Photon Cannon  
  148  11:17  Shield Battery, Protoss Ground Weapons Level 2 (Chrono Boost), Probe x2  
  150  11:19  Pylon  
  150  11:29  Probe  
  151  11:36  Templar Archives  
  151  11:39  Photon Cannon  
  151  11:41  Shield Battery  
  151  11:45  Probe x2 (Chrono Boost)  
  153  11:50  Pylon  
  153  11:57  Stargate  
  153  12:05  Shield Battery  
  153  12:07  Shield Battery  
  153  12:16  Pylon  
  153  12:23  Carrier  
  153  12:27  Pylon  
  153  12:28  High Templar x2  
  153  12:29  High Templar x2  
  167  12:33  Archon, Pylon  
  167  12:41  Protoss Air Weapons Level 2 (Chrono Boost)  
  167  12:42  Carrier  
  173  12:46  Pylon  
  173  12:51  Archon  
  173  12:55  Zealot x3  
  178  13:15  Protoss Shields Level 3 (Chrono Boost)  
  178  13:16  Nexus  
  178  13:18  Assimilator, Protoss Ground Armor Level 1 (Chrono Boost)  
  178  13:22  Assimilator  
  178  13:26  Pylon  
  178  13:30  Pylon  
  178  13:35  Probe x2  
  178  13:36  Probe x2  
  182  13:47  Probe  
  183  13:50  Pylon  
  183  13:54  Stargate  
  183  13:59  Pylon  
  183  14:02  High Templar x2  
  187  14:08  Observer  
  187  14:11  Tempest x2  
  187  14:14  Archon  
  199  14:21  Photon Cannon  
  199  14:22  Photon Cannon  
  199  14:24  Shield Battery  
  199  14:25  Shield Battery  
  199  14:29  Photon Cannon  
  199  14:32  Shield Battery  
  199  14:43  Blink (Chrono Boost)  
  199  14:52  Photon Cannon  
  199  15:06  Carrier  
  199  15:10  Zealot  
  199  15:11  Zealot x2  
  187  15:38  Tempest  
  187  15:46  Zealot x2  
  187  15:47  Zealot x5  
  126  16:23  Zealot x4  
  126  16:24  Zealot  
  136  16:26  Carrier  
  142  16:36  Zealot x2  
  120  16:51  Immortal x2  
  120  16:53  Zealot  
  120  16:54  Zealot x4  
  128  17:00  Zealot x2  
  136  17:07  Gateway  
  136  17:09  Gateway  
  136  17:14  Gateway  
  136  17:15  Void Ray  
  140  17:16  Zealot, Gateway  
  140  17:17  Zealot x2  
  140  17:19  Gateway  
  140  17:20  Pylon  
  146  17:24  Mothership  
  146  17:26  Zealot x3  
  146  17:27  Zealot  
  162  17:38  Immortal x2  
  162  17:39  High Templar x2  
  162  17:40  High Templar  
  176  17:48  Archon  
  176  17:50  Protoss Ground Armor Level 2 (Chrono Boost)  
  176  17:52  High Templar  
  178  18:06  Void Ray x2  
  186  18:12  Archon  
  168  18:21  Zealot x4  
  168  18:22  Zealot x2  
  168  18:26  High Templar  
  182  18:29  High Templar  
  182  18:32  Observer  
  185  18:44  Immortal  
  189  18:52  Archon  
  189  18:54  Void Ray x2  
  197  18:57  High Templar  
  199  19:13  Zealot  
  199  19:14  Zealot x4  
  199  19:15  Zealot  
  183  19:28  Zealot x5  
  187  19:41  High Templar  
  189  19:54  Archon  
  185  20:05  Zealot x5  
Tags
 
Matchup
PvP
Spawn Locations
Cross Positions
Add a new tag
Caveats
  • Supply blocks, unpowered buildings, or Contaminate may cause inaccurate times.
  • Supply counts are checked every 10 seconds.